 Dungeon Crawl Stone Soup version 0.27-a0-1202-ge72e49191c (webtiles) character file.

Game seed: 14528633835856880972

362 streetpizza the Firebug (level 6, -1/34 (36) HPs)
             Began as a Tengu Fire Elementalist on June 2, 2021.
             Slain by Crazy Yiuf
             ... wielding a +2 quarterstaff of chaos
              (5 damage)
             ... on level 3 of the Dungeon.
             The game lasted 00:13:06 (3548 turns).

streetpizza the Firebug (Tengu Fire Elementalist)   Turns: 3548, Time: 00:13:08

HP:   -1/34 (36)    AC:  2    Str:  9    XL:     6   Next: 66%
MP:   9/12          EV: 14    Int: 17    God:
Gold: 52            SH:  0    Dex: 14    Spells: 11/12 levels left

rFire    . . .     SeeInvis .   n - +1 mace (venom)
rCold    . . .     Faith    .   (no shield)
rNeg     . . .     Spirit   .   a - +0 robe
rPois    .         Reflect  .   (helmet restricted)
rElec    .         Harm     .   (no cloak)
rCorr    .         Rampage  .   (no gloves)
Will     .....                  (boots unavailable)
Stlth    ++........             (no amulet)
HPRegen  0.11/turn              (no ring)
MPRegen  0.13/turn              (no ring)

@: flying quickly and evasively, drained, quick
A: beak, talons 3, nimble flight
a: no special abilities


You were on level 3 of the Dungeon.
You visited 1 branch of the dungeon, and saw 3 of its levels.

You collected 52 gold pieces.

Inventory:

Hand Weapons
 e - a +0 short sword
 n - a +1 mace of venom (weapon)
Missiles
 f - 50 stones
Armour
 a - a +0 robe (worn)
 i - a +0 buckler
Jewellery
 k - a ring of resist corrosion
Scrolls
 b - a scroll of magic mapping {unknown}
 c - 5 scrolls of teleportation {unknown}
 d - a scroll of identify {unknown}
 l - a scroll of noise {unknown}
Potions
 g - a potion of degeneration {unknown}
 h - 2 potions of lignification {unknown}
 j - a potion of curing {unknown}
 m - a potion of mutation {unknown}


   Skills:
 + Level 2.9 Fighting
 - Level 2.2 Dodging
 - Level 2.0 Stealth
 + Level 3.5 Spellcasting
 + Level 4.4 Conjurations
 + Level 4.8 Fire Magic


You had 11 spell levels left.
You knew the following spells:

 Your Spells              Type           Power      Damage    Failure   Level
a - Foxfire               Conj/Fire      72%        2x1d7     2%          1

Your spell library contained the following spells:

 Spells                   Type           Power      Damage    Failure   Level
 Conjure Flame            Conj/Fire      18%        6-21      8%          3
 Inner Flame              Hex/Fire       11%        N/A       19%         3
 Sticky Flame             Conj/Fire      18%        2d4       24%         4
 Fireball                 Conj/Fire      9%         3d6       56%         5


Dungeon Overview and Level Annotations

Branches:
Dungeon (3/15)

Altars:
Hepliaklqana
Nemelex Xobeh
Sif Muna

Shops:
D:2 :

Annotations:
D:3 Crazy Yiuf


Innate Abilities, Weirdness & Mutations

You have a beak for a mouth.
You have claws for feet.
Your magical nature lets you fly swiftly and evasively.


Message History

You see here a +0 mace.
Crazy Yiuf shouts!
You see here a +1 mace of venom.
You see here a +0 mace.
You see here a +0 mace.
You see here a +0 mace.
Could not explore, unopened runed door.
Crazy Yiuf twirls on the spot.
You see here a +0 mace.
You see here a +0 mace.
You see here a +1 mace of venom.
n - a +1 mace of venom Your +1 mace of venom begins to drip with poison!
n - a +1 mace of venom (weapon)
You see here a +0 mace.
You see here a +0 mace.
You see here a +0 mace.
You reach down and open the door.
Crazy Yiuf says, "Snurf hog down!"
You see here a +0 mace.
You see here a +0 mace.
You see here a +0 mace.
Crazy Yiuf yells, "Castle!"
You conjure some foxfire!
You conjure some foxfire!
The foxfire hits Crazy Yiuf.
Crazy Yiuf is lightly wounded.
The foxfire hits Crazy Yiuf!
Crazy Yiuf is heavily wounded.
Crazy Yiuf laughs, "Leather!
Whiteboard high turtle."
Crazy Yiuf hits you with a +2 quarterstaff of chaos!
Crazy Yiuf freezes you.
You are too injured to fight recklessly!
Casting: Foxfire (safe; 2% risk of failure)
Confirm with . or Enter, or press ? or * to list all spells.
You conjure some foxfire!
The foxfire hits Crazy Yiuf.
Crazy Yiuf is severely wounded.
Crazy Yiuf hits you with a +2 quarterstaff of chaos!
* * * LOW HITPOINT WARNING * * *
You feel drained.
You die...

#.........#
##..#..###...
#.........# #..#..#
##.. ###########
#..#..# #.# ##....##
#.# ##..#..###.# ###
♣♣#### #...##......
#)))#♣♣
♣♣....###...####....
#.))')♣♣♣♣..v...##...#
#....
#)))#♣g)♣).g@v.......#
##... ###
♣♣♣.♣).v§####...# #...
♣♣♣♣♣### #...# #...
#...# #... #...# #...
##### #... ####


You could see Crazy Yiuf (ally target).

Vanquished Creatures
  Grinder (D:3)
  2 orc wizards (D:3)
  4 gnolls
  An adder (D:3)
  2 dart slugs (D:2)
  5 orcs
  5 bats
  3 endoplasms
  3 giant cockroaches
  4 goblins
  10 hobgoblins
  10 jackals
  2 kobolds
  3 quokkas
  4 ball pythons
  3 frilled lizards
  5 rats
67 creatures vanquished.

Vanquished Creatures (collateral kills)
  A foxfire (D:1)
1 creature vanquished.

Vanquished Creatures (others)
  159 foxfires
159 creatures vanquished.

Grand Total: 227 creatures vanquished

Notes
Turn   | Place    | Note
-------+----------+-------------------------------------------
     0 | D:1      | streetpizza the Tengu Fire Elementalist began the quest for
                  | the Orb.
     0 | D:1      | Reached XP level 1. HP: 10/10 MP: 4/4
   132 | D:1      | Reached XP level 2. HP: 8/15 MP: 0/6
   954 | D:1      | Reached skill level 1 in Fighting
   954 | D:1      | Reached XP level 3. HP: 20/20 MP: 2/7
  1100 | D:2      | Found Qeuxif's Book Shoppe.
  1994 | D:2      | Reached XP level 4. HP: 21/25 MP: 4/8
  2656 | D:3      | Gained mutation: Your magical nature lets you fly swiftly
                  | and evasively. [Tengu growth]
  2656 | D:3      | Reached XP level 5. HP: 30/30 MP: 5/10
  2791 | D:3      | Found a hazy altar of Hepliaklqana.
  2805 | D:3      | Noticed Grinder
  2825 | D:3      | Killed Grinder
  2826 | D:3      | Reached XP level 6. HP: 36/36 MP: 1/12
  3029 | D:3      | Found a sparkling altar of Nemelex Xobeh.
  3029 | D:3      | Found a shimmering blue altar of Sif Muna.
  3389 | D:3      | Found a runed translucent door.
  3390 | D:3      | Noticed Crazy Yiuf
  3548 | D:3      | Slain by Crazy Yiuf

Illustrated notes

Levels and vault maps discovered:
D:1:      co_arrival_square_in_a_square_in_a_square, layout_basic,
          serial_bayou_pond_b, serial_park_tiny_1, minmay_tripent
D:2:      minmay_recursive_quarters, layout_loops_corners, serial_shops, shop
D:3:      layout_rooms, worldfamousw_hep_ancestral_shrine,
          gammafunk_temple_overflow_statue, minmay_misc_feat_ornament,
          serial_park_tiny_pond, uniq_grinder, uniq_crazy_yiuf_cottage

Skill      XL: |  1  2  3  4  5 |
---------------+----------------+-----
Conjurations   | 2 3 4 |  4.4
Fighting       | 1 2 |  2.9
Fire Magic     | 4 |  4.8
Spellcasting   | 3 |  3.5
Dodging        | |  2.2
Stealth        | |  2.0

Action                   |  1- 3 |  4- 6 || total
-------------------------+-------+-------++-------
Melee: Short sword       |    39 |     9 ||    48
       Kick              |     5 |     1 ||     6
       Unarmed           |     1 |       ||     1
       Peck              |     4 |       ||     4
 Cast: Foxfire           |    35 |    56 ||    91
 Stab: Sleeping          |     8 |       ||     8
Armor: Robe              |    11 |     2 ||    13
Dodge: Dodged            |    37 |    12 ||    49

Table legend: (Time is in decaauts)
 A = Elapsed time spent in this place.
 B = Non-inter-level travel time spent in this place.
 C = Inter-level travel time spent in this place.
 D = Time resting spent in this place.
 E = Time spent auto-exploring this place.
 F = Levels seen in this place.
 G = Mean time per level.
                   A        B        C        D        E       F      G
               +--------+--------+--------+--------+--------+-----+--------+
         Total |   3507 |   3426 |     81 |    329 |   2635 |   3 | 1169.0 |
       Dungeon |   3507 |   3426 |     81 |    329 |   2635 |   3 | 1169.0 |
               +--------+--------+--------+--------+--------+-----+--------+

Top non-repeatable levels by time:
     D:2: 1595 daAuts
     D:1: 981 daAuts
     D:3: 930 daAuts
